 Dungeon Crawl Stone Soup version 0.29.1-12-g30fa7ad0bf (webtiles) character file.

Game seed: 18341417472414206081

28 growler the Trooper (level 2, 0/24 HPs)
             Began as a Demonspawn Wanderer on Jan 10, 2023.
             Slain by a gnoll
             ... wielding a +0 flail
              (10 damage)
             ... on level 2 of the Dungeon.
             The game lasted 00:01:59 (1671 turns).

growler the Trooper (Demonspawn Wanderer)           Turns: 1671, Time: 00:01:59

Health: 0/24       AC:  3    Str: 12    XL:     2   Next: 96%
Magic:  2/2        EV: 11    Int: 10    God:
Gold:   106        SH:  4    Dex: 15    Spells: 1/1 levels left

rFire   . . .      SeeInvis .   a - +1 hand axe
rCold   . . .      Faith    .   (no shield)
rNeg    . . .      Spirit   .   e - +0 leather armour
rPois   .          Reflect  .   (no helmet)
rElec   .          Harm     .   (no cloak)
rCorr   .          Rampage  .   (no gloves)
Will    .....                   (no boots)
Stlth   +.........              (no amulet)
HPRegen 0.08/turn               (no ring)
MPRegen 0.08/turn               (no ring)

@: no status effects
A: condensation shield
a: no special abilities


You were on level 2 of the Dungeon.
You visited 1 branch of the dungeon, and saw 2 of its levels.

You collected 106 gold pieces.

Inventory:

Hand Weapons
 a - a +1 hand axe (weapon)
Armour
 e - a +0 leather armour (worn)
Scrolls
 b - a scroll of blinking
 c - a scroll of fear
 d - 2 scrolls of teleportation
 f - a scroll of magic mapping {unknown}
 g - 2 scrolls of identify {unknown}
 i - a scroll of noise {unknown}
Potions
 h - a potion of resistance {unknown}
 j - a potion of lignification {unknown}
 k - 2 potions of mutation {unknown}


   Skills:
 + Level 3.5 Fighting
 - Level 1.7 Axes
 - Level 1.7 Dodging
 - Level 2.6 Unarmed Combat
 - Level 1.0 Evocations


You had one spell level left.
You didn't know any spells.
Your spell library contained the following spells:

 Spells                   Type           Power      Damage    Failure   Level
 Foxfire                  Conj/Fire      0%         2x1d4     43%         1
 Vampiric Draining        Necr           0%         2d6       82%         3
 Starburst                Conj/Fire      0%         6d3       100%        6
 Infestation              Necr           0%         N/A       100%        8


Dungeon Overview and Level Annotations

Branches:
Dungeon (2/15)

Altars:


Innate Abilities, Weirdness & Mutations

A meltable shield of frost defends you. (SH +4)


Message History

Found a stone staircase leading down.
A goblin comes into view. It is wielding a +0 dagger.
The goblin shouts!
A goblin is nearby!
You block the goblin's attack.
You hit the goblin.
You kill the goblin!
No target in view!
Things that are here:
a +0 dagger; a goblin corpse A ball python comes into view.
You hit the ball python.
You kill the ball python!
No target in view!
No target in view!
A gnoll and a ball python come into view.
The gnoll shouts!
You hear a shout!
The ball python hisses angrily.
You hear a shout!
A gnoll comes into view. It is wielding a +0 flail.
A gnoll comes into view. It is wielding a +0 flail.
The gnoll shouts!
The gnoll barely misses you. The gnoll attacks as you move away!
You block the gnoll's attack. The gnoll attacks as you move away!
The gnoll hits you with a +0 flail!
You barely miss the gnoll. The gnoll completely misses you.
You hit the gnoll but do no damage. You block the gnoll's attack.
The gnoll completely misses you.
You barely miss the gnoll. The gnoll hits you with a +0 flail!
You hit the gnoll but do no damage. The gnoll closely misses you.
You barely miss the gnoll. The gnoll barely misses you.
You closely miss the gnoll. The gnoll barely misses you.
You hit the gnoll but do no damage. The gnoll barely misses you.
The gnoll closely misses you.
You hit the gnoll.
The gnoll is moderately wounded.
The gnoll hits you but does no damage.
You hit the gnoll.
The gnoll is moderately wounded.
The gnoll hits you with a +0 flail!
You die...

###.###..#..###.###..##
#...#..†##..#...#...##.#
#...#...#...#...#...#..#
######..#...#..###..#...#†.#
....#....###..#...#..###...#
#S...#...#...#...#...#....#
#.#..##..#...#...##..#....#
.g ##.##...###g###^.#..##..#
g #.........gg@...#.....##
###.....#..###..#..##.#
##.......# ####.....#
..'......># #.....#####
###....#########...........
#####.............#######
#.............+ ########
#########.....# #......#
#..........#+##


You could see 3 gnolls.

Vanquished Creatures
  A dart slug (D:1)
  2 ball pythons
  2 bats
  3 endoplasms (D:1)
  A giant cockroach (D:1)
  2 goblins
  4 hobgoblins
  3 frilled lizards (D:1)
  2 kobolds (D:1)
  2 rats (D:1)
  A spectral hobgoblin (D:1)
23 creatures vanquished.

Notes
Turn   | Place    | Note
-------+----------+-------------------------------------------
     0 | D:1      | growler the Demonspawn Wanderer began the quest for the
                  | Orb.
     0 | D:1      | growler set off with the following items: a +1 hand axe, a
                  | scroll of blinking, a scroll of fear, a scroll of
                  | teleportation, a +0 leather armour.
     0 | D:1      | Reached XP level 1. HP: 16/16 MP: 1/1
   455 | D:1      | Gained mutation: A meltable shield of frost defends you.
                  | (SH +4) [demonic ancestry]
   455 | D:1      | Reached XP level 2. HP: 14/23 MP: 2/2
   839 | D:1      | Found a faded altar of an unknown god.
   863 | D:1      | Reached skill level 3 in Fighting
   986 | D:1      | HP: 1/24 [frilled lizard (1)]
  1547 | D:2      | Got the Dissertation on the Blaze and Stolen Souls
  1671 | D:2      | Slain by a gnoll

Illustrated notes

Levels and vault maps discovered:
D:1:      lightli_arrival_farm, layout_basic,
          dreamdust_ecumenical_altar_drowned_temple
D:2:      layout_basic, grunt_ministairs_11, nicolae_titane

Skill      XL: |  1  2 |
---------------+-------+-----
Fighting       | 3 |  3.5
Axes           | |  1.7
Dodging        | |  1.7
Unarmed Combat | |  2.6
Evocations     | |  1.0

Action                   || total
-------------------------++-------
Melee: Hand axe          ||    77
  Use: Scroll            ||     1
Armor: Leather armour    ||    14
Dodge: Dodged            ||    39
Block: Other             ||     8
